 Dungeon Crawl Stone Soup version 0.30-a0-263-ge22c4ad894 (webtiles) character file.

Game seed: 14134473895064949411

262 mopl the Sneak (level 6, -1/39 HPs)
             Began as an Octopode Brigand on Oct 13, 2022.
             Slain by a gnoll
             ... wielding a +2 vorpal flail
              (11 damage)
             ... on level 3 of the Dungeon.
             The game lasted 00:03:48 (2518 turns).

mopl the Sneak (Octopode Brigand)                   Turns: 2518, Time: 00:03:49

Health: -1/39      AC:  1    Str: 10    XL:     6   Next: 18%
Magic:  10/10      EV: 12    Int: 16    God:
Gold:   131        SH:  4    Dex: 13    Spells: 11/11 levels left

rFire   . . .      SeeInvis .    a - +1 dagger (drain)
rCold   . . .      Faith    .    l - +0 buckler
rNeg    . . .      Spirit   .    (helmet restricted)
rPois   .          Reflect  .    (no amulet)
rElec   .          Harm     .    (no ring)
rCorr   .          Rampage  .    (no ring)
Will    .....                    (no ring)
Stlth   ++++......               (no ring)
HPRegen 0.26/turn                (no ring)
MPRegen 0.12/turn                (no ring)
                                 (no ring)
                                 (no ring)

@: no status effects
A: almost no armour, amphibious, 8 rings, camouflage 1, gelatinous body 1,
(nimble swimmer 1), tentacles
a: no special abilities


You were on level 3 of the Dungeon.
You visited 1 branch of the dungeon, and saw 3 of its levels.

You collected 131 gold pieces.

Inventory:

Hand Weapons
 a - a +1 dagger of draining (weapon)
 e - a +0 vampiric dagger
 q - the +3 dagger of Tiqi Ong {vorpal, Str+6 Stlth+}
   (You found it on level 3 of the Dungeon)

   It inflicts extra damage upon your enemies.
   Str:       It affects your strength (+6).
   Stlth:     It makes you more stealthy.
Missiles
 b - 9 poisoned darts (quivered)
 c - 3 curare-tipped darts
 p - 2 throwing nets
Armour
 l - a +0 buckler (worn)
Magical Staves
 d - a staff of fire
Scrolls
 f - 3 scrolls of teleportation {unknown}
 g - 3 scrolls of blinking {unknown}
 j - a scroll of immolation {unknown}
 n - 2 scrolls of identify {unknown}
 r - a scroll of enchant weapon {unknown}
Potions
 h - 2 potions of magic {unknown}
 i - a potion of attraction {unknown}
 k - a potion of heal wounds {unknown}
 m - 2 potions of curing {unknown}
 o - a potion of lignification {unknown}


   Skills:
 - Level 2.0 Fighting
 - Level 2.0 Short Blades
 - Level 2.4 Throwing
 - Level 1.0 Dodging
 - Level 5.7 Stealth
 + Level 1.9 Shields
 + Level 3.0 Spellcasting
 + Level 3.3 Fire Magic


You had 11 spell levels left.
You didn't know any spells.
Your spell library contained the following spells:

 Spells                   Type           Power      Damage    Failure   Level
 Apportation              Tloc           4%         N/A       24%         1
 Necrotise                Necr           8%         1d4       24%         1
 Summon Small Mammal      Summ           8%         N/A       24%         1


Dungeon Overview and Level Annotations

Branches:
Dungeon (3/15)

Altars:


Innate Abilities, Weirdness & Mutations

You cannot wear most types of armour.
You are amphibious.
You can wear up to eight rings at the same time.
Your skin changes colour to match your surroundings (Stealth+).
Your rubbery body absorbs attacks. (AC +1, EV +1)
((You are camouflaged when in or above water. (Stealth+)))
You have tentacles for arms and can constrict up to eight enemies at once.


Message History

You hear a bark!
The kobold hits you with a +0 short sword.
A gnoll comes into view. It is wielding a +2 vorpal flail.
You barely miss the kobold.
The kobold is moderately wounded.
You constrict the kobold.
The kobold hits you with a +0 short sword.
You hit the kobold.
You kill the kobold!
The gnoll throws a throwing net.
You block the throwing net.
Your Spellcasting skill increases to level 3!
Unknown command.
The gnoll barely misses you.
You hit the gnoll but do no damage. You grab the gnoll.
You constrict the gnoll. The gnoll hits you with a +0 whip!
You hit the gnoll. You drain the gnoll.
The gnoll is severely wounded.
You constrict the gnoll. The gnoll barely misses you.
You barely miss the gnoll.
The gnoll is almost dead.
You constrict the gnoll, but do no damage.
The gnoll misses you. You block the gnoll's attack.
You hit the gnoll. You squeeze the gnoll.
You kill the gnoll!
The gnoll barely misses you. The gnoll attacks as you move away!
The gnoll misses you. The gnoll attacks as you move away!
The gnoll hits you with a +2 vorpal flail!
The gnoll attacks as you move away! The gnoll barely misses you.
The gnoll attacks as you move away!
The gnoll hits you with a +2 vorpal flail.
* * * LOW HITPOINT WARNING * * *
x2 The gnoll attacks as you move away!
You block the gnoll's attack. The gnoll attacks as you move away!
The gnoll closely misses you. The gnoll attacks as you move away!
The gnoll barely misses you. The gnoll attacks as you move away!
You block the gnoll's attack. The gnoll attacks as you move away!
The gnoll closely misses you. The gnoll attacks as you move away!
The gnoll hits you with a +2 vorpal flail!
You die...

#...........#..#
####.
#.####.####....#
#.... #.# #.#
##......>... #.#
#.# ##.....### #.#
##.# ##### #.#
#..# #.###..#
#.<....# #####@.#
#g.# ##### #g.#
#...########
#..####.#.........
#g........########
#..######## #..#
##.## #..#


You could see 2 gnolls and a goblin.

Vanquished Creatures
  Jessica (D:2)
  A gnoll bouda (D:2)
  Natasha (D:2)
  Robin (D:2)
  9 gnolls
  2 adders
  5 dart slugs
  2 ball pythons
  5 endoplasms
  12 goblins
  8 hobgoblins
  2 jackals (D:2)
  7 kobolds
  2 quokkas
  A bat (D:3)
  2 frilled lizards (D:1)
  3 rats
64 creatures vanquished.

Notes
Turn   | Place    | Note
-------+----------+-------------------------------------------
     0 | D:1      | mopl the Octopode Brigand began the quest for the Orb.
     0 | D:1      | Reached XP level 1. HP: 14/14 MP: 1/1
   175 | D:1      | Reached XP level 2. HP: 15/19 MP: 2/2
   408 | D:1      | Reached XP level 3. HP: 19/24 MP: 2/4
   410 | D:1      | Reached skill level 1 in Fire Magic
   411 | D:1      | Reached skill level 1 in Spellcasting
   969 | D:2      | Noticed Jessica
   973 | D:2      | Killed Jessica
   974 | D:2      | Reached skill level 2 in Fire Magic
   974 | D:2      | Reached XP level 4. HP: 29/29 MP: 6/6
   994 | D:2      | Reached skill level 2 in Spellcasting
  1254 | D:2      | Noticed Robin
  1264 | D:2      | Reached XP level 5. HP: 15/34 MP: 8/8
  1266 | D:2      | Killed Robin
  1370 | D:2      | Found a faded altar of an unknown god.
  1442 | D:2      | Noticed Natasha
  1452 | D:2      | Killed Natasha
  1453 | D:2      | Reached skill level 1 in Shields
  2136 | D:2      | Reached skill level 3 in Fire Magic
  2328 | D:2      | Reached XP level 6. HP: 39/39 MP: 10/10
  2339 | D:3      | Identified the +3 dagger of Tiqi Ong {vorpal, Str+6 Stlth+}
  2489 | D:3      | Reached skill level 3 in Spellcasting
  2518 | D:3      | Slain by a gnoll

Illustrated notes

Levels and vault maps discovered:
D:1:      nzn_arrival_depleted_hourglass, layout_basic
D:2:      layout_loops_corners, shapermc_ecumenical_altar_pompeii,
          cheibrodos_gnoll_hut, uniq_natasha, uniq_robin, uniq_jessica
D:3:      layout_loops_ring, solitary_fountain

Skill      XL: |  1  2  3  4  5  6 |
---------------+-------------------+-----
Fire Magic     | 2 3 |  3.3
Spellcasting   | 1 2 3 |  3.0
Shields        | 1 |  1.9
Fighting       | |  2.0
Short Blades   | |  2.0
Throwing       | |  2.4
Dodging        | |  1.0
Stealth        | |  5.7

Action                   |  1- 3 |  4- 6 || total
-------------------------+-------+-------++-------
Melee: Dagger            |    27 |    88 ||   115
       Constrict         |    13 |    22 ||    35
       Punch             |     2 |     1 ||     3
       Staff             |    30 |       ||    30
       Tentacles         |    13 |    18 ||    31
Throw: Dart              |       |     1 ||     1
 Stab: Sleeping          |    11 |     6 ||    17
Armor: Skin              |     1 |     1 ||     2
Dodge: Dodged            |    31 |    56 ||    87
Block: Buckler           |       |    13 ||    13

Table legend: (Time is in decaauts)
 A = Elapsed time spent in this place.
 B = Non-inter-level travel time spent in this place.
 C = Inter-level travel time spent in this place.
 D = Time resting spent in this place.
 E = Time spent auto-exploring this place.
 F = Levels seen in this place.
 G = Mean time per level.
                   A        B        C        D        E       F      G
               +--------+--------+--------+--------+--------+-----+--------+
         Total |   2529 |   2490 |     39 |    664 |   1277 |   3 |  843.0 |
       Dungeon |   2529 |   2490 |     39 |    664 |   1277 |   3 |  843.0 |
               +--------+--------+--------+--------+--------+-----+--------+

Top non-repeatable levels by time:
     D:2: 1546 daAuts
     D:1: 778 daAuts
     D:3: 203 daAuts
